 Dungeon Crawl Stone Soup version 0.21-a0-81-gc5150db (webtiles) character file.

1418 vev the Shield-Bearer (level 8, -1/63 HPs)
             Began as a Demigod Air Elementalist on June 23, 2017.
             Slain by a hippogriff (3 damage)
             ... on level 7 of the Dungeon on June 24, 2017.
             The game lasted 00:16:54 (7019 turns).

vev the Shield-Bearer (Demigod Air Elementalist)    Turns: 7019, Time: 00:16:54

Health: -1/63      AC:  6    Str: 20    XL:     8   Next: 20%
Magic:  13/13      EV: 10    Int: 19    God:
Gold:   211        SH: 15    Dex: 16    Spells: 9/10 levels left

rFire    . . .     SeeInvis .   b - +0 war axe (venom)
rCold    . . .     Gourm    .   d - +0 shield
rNeg     . . .     Faith    .   t - +0 ring mail
rPois    .         Spirit   .   H - +0 helmet
rElec    .         Reflect  +   (no cloak)
rCorr    .         Harm     .   (no gloves)
MR       +....                  (no boots)
Stlth    +.........             v - +5 amulet of reflection
HPRegen  0.20/turn              l - ring of wizardry
MPRegen  0.13/turn              f - ring of protection from magic

@: mighty
A: high mp 1
a: no special abilities


You were on level 7 of the Dungeon.
You were very hungry.

You visited 1 branch of the dungeon, and saw 7 of its levels.
You also visited: Sewer.

You collected 386 gold pieces.
You spent 175 gold pieces at shops.

Inventory:

Hand Weapons
 a - a +2 war axe of flaming
 b - a +0 war axe of venom (weapon)
 F - a +1 dagger of flaming
Armour
 d - a +0 shield (worn)
 t - a +0 ring mail (worn)
 H - a +0 helmet (worn)
Jewellery
 f - a ring of protection from magic (right hand)
 l - a ring of wizardry (left hand)
 v - a +5 amulet of reflection (around neck)
Wands
 w - a wand of iceblast (7/15)
Scrolls
 e - a scroll of random uselessness {unknown}
 g - 2 scrolls of amnesia
 j - 2 scrolls of identify
 k - a scroll of enchant armour {unknown}
 n - 5 scrolls of remove curse
 p - 2 scrolls of enchant weapon {unknown}
 q - a scroll of immolation {unknown}
 r - a scroll of fog {unknown}
 x - a scroll of fear {unknown}
 y - 2 scrolls of teleportation {unknown}
 B - a scroll of blinking {unknown}
 I - 2 scrolls of noise {unknown}
 L - a scroll of magic mapping {unknown}
Potions
 i - 5 potions of agility {unknown}
 z - 2 potions of cancellation {unknown}
 A - a potion of mutation {unknown}
 D - 3 potions of brilliance
 E - a potion of berserk rage {unknown}
 G - 4 potions of curing
 J - 2 potions of ambrosia
 K - 2 potions of haste
Books
 s - a book of Air

   Spells                             Type                      Level
   a - Shock                          Conjuration/Air              1
   b - Swiftness                      Charms/Air                   2
   c - Static Discharge               Conjuration/Air              3
   d - Airstrike                      Air                          4
   e - Lightning Bolt                 Conjuration/Air              5
Comestibles
 c - 4 bread rations
 h - 3 fruits
 m - 5 meat rations
 o - a royal jelly


   Skills:
 + Level 3.4 Fighting
 * Level 5.0 Axes
 + Level 3.2 Armour
 - Level 2.5 Dodging
 - Level 1.7 Stealth
 + Level 5.6 Shields
 - Level 1.7 Spellcasting
 - Level 0.8 Conjurations
 - Level 2.6 Air Magic


You had 9 spell levels left.
You knew the following spells:

 Your Spells              Type           Power        Failure   Level  Hunger
a - Shock                 Conj/Air       #...         19%         1    #......


Dungeon Overview and Level Annotations

Branches:
Dungeon (7/15)
 Temple: D:4-7

Shops:
D:4 *


Innate Abilities, Weirdness & Mutations

You have an increased reservoir of magic. (+10% MP)


Message History

* * * LOW HITPOINT WARNING * * *
You slice the worker ant!!
You kill the worker ant!
You hit the hippogriff.
The hippogriff is poisoned.
The hippogriff is lightly wounded.
You block the hippogriff's attack.
The hippogriff pecks you but does no damage.
You block the hippogriff's attack. The hippogriff bites you.
* * * LOW HITPOINT WARNING * * *
The hippogriff barely misses you.
The hippogriff claws you but does no damage.
You slash the hippogriff!
The hippogriff looks as sick as possible!
The hippogriff is moderately wounded.
The hippogriff bites you.
* * * LOW HITPOINT WARNING * * *
The hippogriff pecks you.
* * * LOW HITPOINT WARNING * * *
The hippogriff claws you.
You die...

#.. # .... .#.
... .... ...
.#.#.##.# ....
....
.....##.########.
.......lH@.(.....
#...##.####.....
# #.# ... ##Z## .
#...# #...# #...#
##.## #.#


You could see a hippogriff and an iguana.

Vanquished Creatures
  Grinder (D:4)
  A water moccasin (D:6)
  An ice beast (D:6)
  A crocodile (D:7)
  A big kobold (Sewer)
  A bullfrog (D:6)
  A howler monkey (D:6)
  A crimson imp (D:7)
  5 hounds
  3 bullfrog skeletons
  A centaur skeleton (D:6)
  7 worker ants
  Ijyb (D:3)
  A hound skeleton (D:6)
  3 gnolls (D:5)
  8 adders
  4 river rats (Sewer)
  3 oozes
  2 adder skeletons
  2 worms
  3 dart slugs
  3 leopard geckos (D:1)
  5 orcs
  6 ball pythons
  5 giant cockroaches
  4 goblins
  3 hobgoblins
  2 jackals (D:2)
  4 quokkas
  2 bats
  3 frilled lizards
  16 kobolds
  25 rats
129 creatures vanquished.

Vanquished Creatures (others)
  2 kobolds
2 creatures vanquished.

Grand Total: 131 creatures vanquished

Notes
Turn   | Place    | Note
-------+----------+-------------------------------------------
     0 | D:1      | vev the Demigod Air Elementalist began the quest for the Orb.
     0 | D:1      | Reached XP level 1. HP: 14/14 MP: 5/5
   107 | D:1      | Reached skill level 1 in Shields
   327 | D:1      | Reached XP level 2. HP: 20/20 MP: 4/7
   400 | D:1      | Reached skill level 2 in Shields
   901 | D:2      | Reached XP level 3. HP: 26/26 MP: 3/8
  1619 | D:2      | Reached skill level 3 in Shields
  2024 | D:3      | Noticed Ijyb
  2035 | D:3      | Killed Ijyb
  2035 | D:3      | Reached XP level 4. HP: 27/33 MP: 1/9
  2603 | D:3      | Found a deep blue altar of Sif Muna.
  2851 | D:4      | Reached skill level 4 in Shields
  3181 | D:4      | Found a glowing drain.
  3216 | Sewer    | Entered a sewer
  3594 | Sewer    | Reached skill level 2 in Dodging
  3594 | Sewer    | Reached XP level 5. HP: 13/39 MP: 10/10
  3994 | Sewer    | Reached skill level 1 in Fighting
  4245 | Sewer    | Reached skill level 1 in Axes
  4318 | Sewer    | Reached skill level 1 in Armour
  4847 | D:4      | Reached XP level 6. HP: 46/47 MP: 11/11
  4887 | D:4      | Found Jimidghu's Assorted Antiques.
  4906 | D:4      | Bought a runed war axe for 175 gold pieces
  4992 | D:4      | Found a hide-covered altar of Uskayaw.
  5006 | D:4      | Noticed Grinder
  5015 | D:4      | Killed Grinder
  5015 | D:4      | Reached skill level 2 in Fighting
  5015 | D:4      | Reached skill level 2 in Axes
  5019 | D:4      | HP: 4/48 [worker ant (7)]
  5437 | D:4      | Reached skill level 2 in Armour
  5437 | D:4      | Reached XP level 7. HP: 51/55 MP: 12/12
  5443 | D:4      | Reached skill level 3 in Axes
  5478 | D:4      | Found a radiant altar of Vehumet.
  5656 | D:5      | Entered Level 5 of the Dungeon
  5766 | D:5      | Reached skill level 5 in Shields
  5799 | D:5      | Found an ornate altar of the Wu Jian Council.
  6330 | D:6      | Found a burning altar of Makhleb.
  6490 | D:6      | Reached skill level 3 in Fighting
  6490 | D:6      | Reached skill level 4 in Axes
  6537 | D:6      | Found a shimmering altar of Xom.
  6568 | D:6      | Found a stormy altar of Qazlal.
  6603 | D:6      | Reached XP level 8. HP: 57/63 MP: 13/13
  6825 | D:6      | Reached skill level 3 in Armour
  6996 | D:7      | Noticed a hippogriff
  7015 | D:7      | Reached skill level 5 in Axes
  7019 | D:7      | HP: 6/63 [hippogriff (6)]
  7019 | D:7      | HP: 2/63 [hippogriff (4)]
  7019 | D:7      | Slain by a hippogriff

Vault maps used:
D:1:      minmay_arrival_glassed_features, minmay_misc_feat_x
D:3:      lemuel_blue_sif_altar, uniq_ijyb
D:4:      kennysheep_mini, lemuel_coloured_pillars_altar, first_bread,
          serial_shops, nicolae_shop_statue_plus, cheibrodos_sewer_entry_drain,
          nrook_loot_triangle, uniq_grinder
D:5:      kennysheep_little_box
D:6:      lemuel_crystal_altar, lemuel_crystal_altar,
          nicolae_overflow_crystal_walls
D:7:      minmay_temple_entry_grid, serial_shops, shop
Sewer:    sewer_minmay_treatment

Skill      XL: |  1  2  3  4  5  6  7  8 |
---------------+-------------------------+-----
Shields        | 1 2 3 4 5 |  5.6
Dodging        | 2 |  2.5
Fighting       | 1 2 3 |  3.4
Axes           | 1 2 4 5 |  5.0
Armour         | 1 2 3 |  3.2
Stealth        | |  1.7
Spellcasting   | |  1.7
Conjurations   | |  0.8
Air Magic      | |  2.6

Action                   |  1- 3 |  4- 6 |  7- 9 || total
-------------------------+-------+-------+-------++-------
Melee: Club              |     4 |       |       ||     4
       Dagger            |    17 |     9 |       ||    26
       Hand axe          |       |   249 |       ||   249
       War axe           |       |    25 |   122 ||   147
 Cast: Shock             |    70 |    13 |       ||    83
  Use: Scroll            |       |     2 |     5 ||     7
       Potion            |       |     4 |     6 ||    10
 Stab: Sleeping          |     4 |     1 |     1 ||     6
  Eat: Chunk             |     4 |    12 |     4 ||    20
Armor: Robe              |     1 |       |       ||     1
       Leather armour    |     4 |       |       ||     4
       Ring mail         |       |    54 |    22 ||    76
Dodge: Dodged            |    24 |    86 |    41 ||   151
Block: Shield            |       |   216 |   113 ||   329
       Reflection        |       |     6 |       ||     6
